 Dungeon Crawl Stone Soup version 0.28-a0-1087-gf3fc490d9d (webtiles) character file.

Game seed: 4731300082613250628

470 horus123 the Magician (level 7, -11/49 HPs)
             Began as a Djinni Hedge Wizard on Dec 10, 2021.
             Mangled by Edmund (12 damage)
             ... on level 6 of the Dungeon.
             The game lasted 00:07:54 (3621 turns).

horus123 the Magician (Djinni Hedge Wizard)         Turns: 3621, Time: 00:07:54

Health: -11/49     AC:  2    Str:  9    XL:     7   Next: 31%
Gold:   172        EV: 12    Int: 18    God:
                   SH:  0    Dex: 12

rFire   + + .      SeeInvis .   d - +2 dagger (venom)
rCold   x . .      Faith    .   (no shield)
rNeg    . . .      Spirit   .   b - +0 robe
rPois   ∞          Reflect  .   c - +0 hat
rElec   .          Harm     .   (no cloak)
rCorr   .          Rampage  .   (no gloves)
Will    .....                   (boots unavailable)
Stlth   ++........              f - amulet of regeneration
HPRegen 0.96/turn               (no ring)
MPRegen 0.00/turn               (no ring)

@: weak-willed, flying
A: sickness immunity, fire resistance 2, cold vulnerability 1, float, innate
caster, hp casting, extra vitality 1
a: no special abilities


You were on level 6 of the Dungeon.
You visited 1 branch of the dungeon, and saw 6 of its levels.

You collected 172 gold pieces.

Inventory:

Hand Weapons
 a - a +0 dagger
 d - a +2 dagger of venom (weapon)
Missiles
 o - a throwing net
Armour
 b - a +0 robe (worn)
 c - a +0 hat (worn)
 h - a +2 pair of boots
Jewellery
 f - an amulet of regeneration (around neck)
 l - a ring of wizardry
Wands
 m - a wand of iceblast (14)
Scrolls
 g - 2 scrolls of teleportation
 r - a scroll of magic mapping
Potions
 e - a potion of cancellation {unknown}
 i - a potion of heal wounds
 j - 2 potions of resistance {unknown}
 k - 3 potions of curing
 n - a potion of haste {unknown}
 p - a potion of flight {unknown}


   Skills:
 - Level 2.3 Fighting
 - Level 2.1 Dodging
 - Level 1.5 Stealth
 + Level 4.9 Spellcasting
 - Level 3.3 Evocations


You couldn't memorise any spells.
You knew the following spells:

 Your Spells              Type           Power      Damage    Failure   Level
a - Magic Dart            Conj           88%        1d7       1%          1
b - Blink                 Tloc           44%        N/A       2%          2
c - Call Imp              Summ           22%        N/A       2%          2
d - Slow                  Hex            88%        N/A       1%          1
e - Conjure Flame         Conj/Fire      22%        6-21      5%          3
f - Mephitic Cloud        Conj/Pois/Air  22%        N/A       5%          3
g - Animate Skeleton      Necr           44%        N/A       1%          1
h - Searing Ray           Conj           44%        2d6       2%          2
i - Portal Projectile     Hex/Tloc       44%        N/A       5%          3
Your spell library was empty.

Dungeon Overview and Level Annotations

Branches:
Dungeon (6/15)
 Temple: D:4-7

Altars:
Ashenzari

Shops:
D:3 ?

Annotations:
D:6 Edmund


Innate Abilities, Weirdness & Mutations

You are immune to sickness and miasma.
You are immune to poison.
Your flesh is very heat resistant. (rF++)
You are vulnerable to cold. (rC-)
You float through the air rather than walking.
You learn spells naturally, not from books.
Your magical power is your life essence.
You have superior vitality. (+4 HP)


Message History

Press: ? - help, Shift-Dir - straight line, f/p - Edmund
Aim: Edmund, wielding a +2 flail of protection and wearing a +0 scale mail (moderately wounded, 81% to hit)
The searing ray hits Edmund but does no damage.
Edmund is moderately wounded. (Press . to maintain the ray.)
The ice beast hits you but does no damage.
Edmund completely misses you.
The searing ray hits Edmund.
Edmund is moderately wounded.
The ice beast hits you. The ice beast freezes you!
You feel a terrible chill! Edmund barely misses you.
The searing ray hits Edmund but does no damage.
Edmund is moderately wounded.
The ice beast misses you.
Edmund hits you with a +2 flail of protection!
The searing ray hits Edmund but does no damage.
Edmund is moderately wounded.
You finish channelling your searing ray.
The ice beast barely misses you.
Edmund hits you with a +2 flail of protection.
Casting: Searing Ray (safe; 2% risk of failure)
Confirm with . or Enter, or press ? or * to list all spells.
Aiming: Searing Ray (safe; 2% risk of failure)
Press: ? - help, Shift-Dir - straight line, f/p - Edmund
Aim: Edmund, wielding a +2 flail of protection and wearing a +0 scale mail (moderately wounded, 81% to hit)
The searing ray hits Edmund.
Edmund is heavily wounded. (Press . to maintain the ray.)
The ice beast barely misses you.
Edmund hits you with a +2 flail of protection.
* * * LOW HITPOINT WARNING * * *
The searing ray hits Edmund!
Edmund is heavily wounded.
* * * LOW HITPOINT WARNING * * *
The ice beast hits you.
* * * LOW HITPOINT WARNING * * *
The ice beast freezes you!
You feel a terrible chill!
* * * LOW HITPOINT WARNING * * *
Edmund hits you with a +2 flail of protection!
You die...

# .# ## .#
#.. ..
##.####.#.##
#...........
#@...#
#@Y.....#
.........
...#...#..
#...#......
#...#.#.#..
#...# ..# .
#...# # .


You could see Edmund and an ice beast.

Vanquished Creatures
  A necrophage (D:4)
  An ogre (D:4)
  A scorpion (D:5)
  A howler monkey (D:5)
  A hound (D:5)
  A hound skeleton (D:5)
  4 adders
  A white imp (D:5)
  A worm (D:3)
  A dart slug (D:1)
  An orc (D:5)
  4 ball pythons
  6 endoplasms
  3 giant cockroaches
  7 goblins
  6 hobgoblins
  2 jackals (D:4)
  4 quokkas
  7 bats
  2 frilled lizards (D:1)
  12 kobolds
  7 rats
74 creatures vanquished.

Vanquished Creatures (collateral kills)
  A hound (D:4)
  A killer bee zombie (D:4)
  A jackal (D:4)
3 creatures vanquished.

Grand Total: 77 creatures vanquished

Notes
Turn   | Place    | Note
-------+----------+-------------------------------------------
     0 | D:1      | horus123 the Djinni Hedge Wizard began the quest for the
                  | Orb.
     0 | D:1      | Reached XP level 1. HP: 15/15 MP: 0/0
   238 | D:1      | Reached XP level 2. HP: 16/21 MP: 0/0
   638 | D:1      | Reached skill level 3 in Spellcasting
   922 | D:1      | Reached XP level 3. HP: 19/25 MP: 0/0
   922 | D:1      | Learned a level 1 spell: Animate Skeleton
  1080 | D:1      | Found a faded altar of an unknown god.
  1759 | D:2      | Reached XP level 4. HP: 31/31 MP: 0/0
  2143 | D:3      | Found Fosu's Magic Scroll Shoppe.
  2489 | D:4      | Reached skill level 4 in Spellcasting
  2547 | D:4      | Reached XP level 5. HP: 35/35 MP: 0/0
  2547 | D:4      | Learned a level 2 spell: Searing Ray
  2585 | D:4      | Reached skill level 1 in Evocations
  2622 | D:4      | Noticed an ogre
  2629 | D:4      | Killed an ogre
  2630 | D:4      | Reached XP level 6. HP: 32/40 MP: 0/0
  2835 | D:4      | Noticed a necrophage
  2841 | D:4      | Killed a necrophage
  2992 | D:5      | Entered Level 5 of the Dungeon
  3006 | D:5      | Reached XP level 7. HP: 13/49 MP: 0/0
  3006 | D:5      | Learned a level 3 spell: Portal Projectile
  3125 | D:5      | Found a broken altar of Ashenzari.
  3129 | D:5      | Identified the +1 ring mail of Resonance {rC++}
  3584 | D:5      | Found a broken altar of Ashenzari.
  3608 | D:6      | Noticed Edmund
  3621 | D:6      | HP: 1/49 [ice beast (10)]
  3621 | D:6      | Mangled by Edmund

Illustrated notes

Levels and vault maps discovered:
D:1:      dpeg_arrival_radiant, layout_rooms, basic_ecumenical_altar
D:2:      layout_basic, amcnicky_mini_pool_small, st_stairs_14,
          chequers_mini_garden
D:3:      layout_rooms, serial_shops, nicolae_shop_behind_doors,
          minmay_hedge_maze, st_stairs_14
D:4:      layout_rooms, lemuel_another_geyser
D:5:      layout_cave_pools, nicolae_ashenzari_panopticon,
          kennysheep_flooded_box
D:6:      layout_basic, serial_bayou, serial_bayou_lagoon_a,
          serial_bayou_pond_a, serial_bayou_pond_d, serial_bayou_pond_c,
          serial_bayou_pond_c, serial_bayou_pond_e, uniq_prince_ribbit1,
          uniq_edmund, uniq_maggie

Skill      XL: |  1  2  3  4  5  6 |
---------------+-------------------+-----
Spellcasting   | 3 4 |  4.9
Evocations     | 3 |  3.3
Fighting       | 2 |  2.3
Dodging        | |  2.1
Stealth        | |  1.5

Action                   |  1- 3 |  4- 6 |  7- 9 || total
-------------------------+-------+-------+-------++-------
Melee: Dagger            |       |     1 |       ||     1
 Cast: Magic Dart        |    69 |    99 |    13 ||   181
       Blink             |       |     2 |       ||     2
       Call Imp          |       |     1 |       ||     1
       Searing Ray       |       |     5 |     4 ||     9
  Use: Scroll            |       |     2 |     6 ||     8
 Stab: Sleeping          |       |     1 |       ||     1
Armor: Robe              |       |     7 |     2 ||     9
Dodge: Dodged            |     4 |    23 |    10 ||    37

Table legend: (Time is in decaauts)
 A = Elapsed time spent in this place.
 B = Non-inter-level travel time spent in this place.
 C = Inter-level travel time spent in this place.
 D = Time resting spent in this place.
 E = Time spent auto-exploring this place.
 F = Levels seen in this place.
 G = Mean time per level.
                   A        B        C        D        E       F      G
               +--------+--------+--------+--------+--------+-----+--------+
         Total |   3619 |   3519 |    100 |    497 |   2618 |   6 |  603.2 |
       Dungeon |   3619 |   3519 |    100 |    497 |   2618 |   6 |  603.2 |
               +--------+--------+--------+--------+--------+-----+--------+

Top non-repeatable levels by time:
     D:1: 1469 daAuts
     D:5: 613 daAuts
     D:4: 542 daAuts
     D:2: 535 daAuts
     D:3: 442 daAuts
     D:6: 14 daAuts
